General information
- name: BNet
- type: Ladder team game (AT/RT)
- host: Battle.net
- saver: NADMaN
map: Highperch
- players: 6
- length: 593:23
- speed: Fast
- version: 1.21 W3XP
- replay type: Public
» download(1415 KB)
Players
team 1 (winner)
GOKUMaN69 (
red | 13 APM | 7652 actions | 593:19)
4 Goblin Alchemist
2 Acid Bomb
2 Chemical Rage
4 Goblin Tinker
1 Pocket Factory
2 Engineering Upgrade
1 Cluster Rockets
1 Archmage
1 Brilliance Aura
» actions
| Assign group hotkey | 34 | |
| Basic commands | 74 | |
| Build / train | 159 | |
| Enter build submenu | 109 | |
| Enter hero's abilities submenu | 12 | |
| Give item / drop item | 28 | |
| Remove unit from queue | 12 | |
| Right click | 4011 | |
| Select / deselect | 1873 | |
| Select group hotkey | 448 | |
| Use ability | 891 | |
7652 total
» units
| Peasant | 20 | |
| Dragonhawk Rider | 3 | |
| Gryphon Rider | -5 | |
18 total
» upgrades
| Masonry | 3 | |
| Lumber Harvesting | 2 | |
| Swords | 3 | |
| Armor | 5 | |
| Animal War Training | 1 | |
| Cloud | 1 | |
| Magic Sentry | 1 | |
| Sorceress Training | 1 | |
| Priest Training | 1 | |
| Storm Hammers | 1 | |
19 total
» buildings
| Altar of Kings | 3 | |
| Lumber Mill | 2 | |
| Farm | 19 | |
| Scout Tower | 72 | |
| Guard Tower | 37 | |
| Keep | 3 | |
| Arcane Vault | 2 | |
| Blacksmith | 1 | |
| Town Hall | 1 | |
| Arcane Tower | 28 | |
| Castle | 2 | |
| Gryphon Aviary | 3 | |
| Barracks | 1 | |
| Arcane Sanctum | 1 | |
175 total
» build order
00:05 Altar of Kings
00:09 Lumber Mill
00:23 Altar of Kings
00:38 Farm
01:21 Farm
01:51 Scout Tower
01:54 Scout Tower
02:18 Guard Tower
02:20 Guard Tower
02:23 Scout Tower
02:26 Scout Tower
02:33 Scout Tower
03:33 Keep
03:35 Scout Tower
03:36 Scout Tower
03:37 Scout Tower
03:38 Guard Tower
03:38 Guard Tower
03:55 Arcane Vault
04:04 Guard Tower
04:07 Scout Tower
04:10 Scout Tower
04:13 Scout Tower
04:38 Guard Tower
04:38 Guard Tower
04:40 Scout Tower
04:41 Scout Tower
04:45 Blacksmith
05:01 Scout Tower
05:02 Guard Tower
05:02 Guard Tower
05:19 Scout Tower
05:20 Guard Tower
05:20 Guard Tower
05:21 Scout Tower
05:28 Guard Tower
05:28 Guard Tower
05:35 Scout Tower
06:05 Guard Tower
06:06 Guard Tower
06:06 Guard Tower
06:07 Scout Tower
06:08 Scout Tower
06:20 Scout Tower
06:21 Scout Tower
07:05 Guard Tower
07:05 Guard Tower
07:08 Scout Tower
07:16 Town Hall
07:45 Scout Tower
08:24 Arcane Tower
08:25 Arcane Tower
09:14 Scout Tower
09:15 Scout Tower
09:16 Scout Tower
09:17 Scout Tower
09:21 Castle
09:22 Castle
09:24 Gryphon Aviary
09:54 Arcane Tower
09:54 Arcane Tower
11:38 Gryphon Aviary
11:39 Farm
11:50 Barracks
11:58 Arcane Tower
11:58 Arcane Tower
13:07 Arcane Sanctum
15:43 Farm
16:43 Farm
16:55 Scout Tower
16:56 Scout Tower
18:42 Arcane Tower
18:52 Scout Tower
20:17 Scout Tower
20:19 Arcane Tower
24:27 Scout Tower
24:29 Scout Tower
24:30 Scout Tower
25:27 Farm
25:27 Farm
25:30 Farm
25:30 Farm
25:31 Farm
25:32 Farm
25:32 Farm
25:33 Farm
25:34 Farm
25:34 Farm
25:38 Farm
25:39 Farm
26:20 Guard Tower
26:20 Guard Tower
26:22 Scout Tower
26:50 Guard Tower
26:53 Scout Tower
26:54 Scout Tower
26:55 Scout Tower
26:55 Scout Tower
26:56 Scout Tower
27:51 Guard Tower
28:25 Guard Tower
33:26 Scout Tower
34:02 Guard Tower
34:33 Keep
34:33 Keep
35:34 Arcane Vault
35:44 Scout Tower
35:48 Scout Tower
36:39 Arcane Tower
36:40 Arcane Tower
37:04 Scout Tower
37:09 Scout Tower
37:12 Scout Tower
37:46 Arcane Tower
37:46 Arcane Tower
38:08 Scout Tower
38:09 Scout Tower
38:11 Scout Tower
38:12 Scout Tower
38:13 Scout Tower
38:14 Scout Tower
39:02 Arcane Tower
39:02 Arcane Tower
39:08 Scout Tower
39:13 Scout Tower
39:26 Scout Tower
40:02 Arcane Tower
40:02 Arcane Tower
40:08 Scout Tower
40:40 Arcane Tower
40:40 Arcane Tower
40:46 Scout Tower
41:14 Arcane Tower
41:15 Arcane Tower
41:17 Scout Tower
41:23 Scout Tower
41:48 Scout Tower
41:50 Scout Tower
41:51 Scout Tower
41:53 Scout Tower
42:11 Arcane Tower
42:12 Arcane Tower
42:17 Scout Tower
42:19 Scout Tower
42:36 Lumber Mill
43:14 Scout Tower
43:18 Scout Tower
43:42 Guard Tower
43:44 Guard Tower
43:44 Guard Tower
43:47 Scout Tower
43:51 Scout Tower
43:53 Scout Tower
44:17 Guard Tower
44:17 Guard Tower
44:36 Guard Tower
44:37 Guard Tower
45:47 Scout Tower
46:13 Guard Tower
46:15 Scout Tower
47:23 Guard Tower
59:15 Arcane Tower
122:13 Gryphon Aviary
179:50 Arcane Tower
220:06 Farm
220:08 Farm
220:40 Altar of Kings
» items
| Healing Salve | 4 | |
| Lesser Clarity Potion | 4 | |
| Orb of Lightning | 2 | |
| Scroll of Speed | 1 | |
| Staff of Teleportation | 2 | |
| Boots of Speed | 1 | |
| Staff of Sanctuary | 1 | |
| Scroll of Regeneration | 1 | |
| Potion of Mana | 1 | |
| Tiny Great Hall | 1 | |
| Tome of Retraining | 1 | |
19 total
Mr.Wookums (
teal | 8 APM | 4978 actions | 593:19)
3 Archmage
2 Blizzard
1 Brilliance Aura
3 Mountain King
2 Storm Bolt
1 Bash
3 Paladin
2 Holy Light
1 Divine Shield
1 Goblin Tinker
1 Engineering Upgrade
» actions
| Assign group hotkey | 53 | |
| Basic commands | 72 | |
| Build / train | 111 | |
| Enter build submenu | 41 | |
| Enter hero's abilities submenu | 14 | |
| Give item / drop item | 12 | |
| Right click | 2646 | |
| Select / deselect | 1084 | |
| Select group hotkey | 520 | |
| Use ability | 422 | |
4978 total
» units
| Peasant | 13 | |
| Dragonhawk Rider | 15 | |
28 total
» upgrades
| Masonry | 3 | |
| Lumber Harvesting | 2 | |
| Armor | 3 | |
| Animal War Training | 1 | |
| Swords | 3 | |
| Cloud | 1 | |
13 total
» buildings
| Altar of Kings | 1 | |
| Lumber Mill | 2 | |
| Farm | 13 | |
| Scout Tower | 66 | |
| Guard Tower | 38 | |
| Keep | 1 | |
| Town Hall | 1 | |
| Arcane Vault | 1 | |
| Castle | 1 | |
| Gryphon Aviary | 2 | |
| Barracks | 1 | |
| Blacksmith | 1 | |
| Arcane Sanctum | 1 | |
129 total
» build order
00:07 Altar of Kings
00:12 Lumber Mill
00:23 Farm
01:42 Scout Tower
01:43 Scout Tower
01:47 Scout Tower
01:50 Scout Tower
02:04 Farm
02:11 Guard Tower
02:17 Guard Tower
02:26 Scout Tower
02:35 Guard Tower
02:45 Guard Tower
02:48 Scout Tower
03:01 Guard Tower
03:01 Guard Tower
03:07 Scout Tower
03:07 Scout Tower
03:11 Scout Tower
03:31 Guard Tower
03:36 Scout Tower
03:36 Scout Tower
03:58 Guard Tower
04:05 Guard Tower
04:09 Scout Tower
04:10 Scout Tower
04:30 Guard Tower
04:32 Scout Tower
04:36 Scout Tower
04:54 Guard Tower
05:09 Guard Tower
05:10 Guard Tower
05:14 Scout Tower
05:14 Scout Tower
05:26 Scout Tower
05:27 Scout Tower
05:31 Keep
05:48 Scout Tower
05:49 Scout Tower
05:50 Scout Tower
05:53 Scout Tower
05:54 Scout Tower
06:03 Guard Tower
06:31 Guard Tower
06:35 Scout Tower
06:36 Scout Tower
06:38 Scout Tower
06:39 Scout Tower
07:00 Guard Tower
07:04 Guard Tower
07:24 Scout Tower
07:26 Scout Tower
07:27 Scout Tower
07:29 Scout Tower
07:32 Guard Tower
07:52 Guard Tower
08:09 Farm
08:10 Farm
08:10 Farm
08:16 Guard Tower
08:19 Town Hall
08:27 Scout Tower
08:28 Scout Tower
08:30 Scout Tower
08:30 Scout Tower
08:45 Guard Tower
09:18 Arcane Vault
09:57 Castle
11:44 Guard Tower
11:49 Guard Tower
11:55 Gryphon Aviary
11:57 Gryphon Aviary
14:48 Barracks
17:01 Blacksmith
19:54 Arcane Sanctum
27:11 Farm
27:12 Farm
27:13 Farm
27:13 Farm
27:15 Farm
31:12 Farm
31:13 Farm
33:57 Lumber Mill
34:10 Scout Tower
34:12 Scout Tower
34:13 Scout Tower
34:17 Scout Tower
34:18 Scout Tower
34:19 Scout Tower
34:24 Scout Tower
35:11 Guard Tower
35:17 Scout Tower
35:18 Scout Tower
35:19 Scout Tower
35:24 Scout Tower
35:24 Scout Tower
35:26 Scout Tower
35:27 Scout Tower
35:52 Guard Tower
36:44 Scout Tower
36:48 Guard Tower
37:17 Scout Tower
37:18 Scout Tower
37:19 Scout Tower
37:20 Scout Tower
37:34 Scout Tower
37:35 Scout Tower
37:37 Scout Tower
38:09 Guard Tower
38:21 Guard Tower
38:25 Scout Tower
38:26 Scout Tower
38:31 Scout Tower
38:35 Guard Tower
38:41 Guard Tower
39:00 Guard Tower
39:04 Guard Tower
39:09 Scout Tower
39:09 Scout Tower
39:11 Scout Tower
39:12 Scout Tower
39:24 Guard Tower
39:40 Guard Tower
40:06 Guard Tower
40:07 Guard Tower
40:15 Guard Tower
» items
| Healing Salve | 2 | |
| Boots of Speed | 1 | |
| Staff of Teleportation | 1 | |
| Periapt of Vitality | 1 | |
| Staff of Sanctuary | 2 | |
| Orb of Lightning | 2 | |
| Potion of Healing | 3 | |
| Scroll of Town Portal | 1 | |
| Ivory Tower | 1 | |
14 total
NADMaN (
blue | 22 APM | 13326 actions | 593:23)
7 Blademaster
3 Wind Walk
3 Critical Strike
1 Bladestorm
4 Goblin Alchemist
2 Chemical Rage
2 Acid Bomb
1 Goblin Tinker
1 Cluster Rockets
» actions
| Assign group hotkey | 23 | |
| Basic commands | 148 | |
| Build / train | 93 | |
| ESC pressed | 2 | |
| Enter build submenu | 32 | |
| Enter hero's abilities submenu | 16 | |
| Give item / drop item | 38 | |
| Right click | 7035 | |
| Select / deselect | 1689 | |
| Select group hotkey | 3362 | |
| Use ability | 884 | |
13326 total
» units
| Peon | 14 | |
| Troll Batrider | 13 | |
| Wind Rider | 6 | |
33 total
» upgrades
| Liquid Fire | 1 | |
| Armor | 3 | |
| Ranged Weapons | 3 | |
| Envenomed Spears | 1 | |
8 total
» buildings
| Altar of Storms | 2 | |
| Orc Burrow | 13 | |
| Voodoo Lounge | 2 | |
| Stronghold | 2 | |
| War Mill | 1 | |
| Beastiary | 3 | |
| Fortress | 1 | |
24 total
» build order
00:06 Altar of Storms
00:10 Orc Burrow
01:15 Voodoo Lounge
01:25 Orc Burrow
04:38 Stronghold
04:38 Stronghold
04:41 Voodoo Lounge
05:48 War Mill
07:42 Beastiary
07:44 Beastiary
07:45 Beastiary
07:50 Orc Burrow
07:52 Orc Burrow
08:31 Fortress
22:03 Orc Burrow
22:04 Orc Burrow
22:15 Orc Burrow
22:16 Orc Burrow
22:18 Orc Burrow
38:35 Altar of Storms
40:06 Orc Burrow
139:51 Orc Burrow
139:52 Orc Burrow
142:02 Orc Burrow
» items
| Boots of Speed | 2 | |
| Staff of Teleportation | 2 | |
| Healing Salve | 4 | |
| Lesser Clarity Potion | 8 | |
| Orb of Lightning | 2 | |
| Potion of Mana | 1 | |
| Staff of Sanctuary | 3 | |
| Scroll of Town Portal | 4 | |
| Mechanical Critter | 6 | |
| Potion of Lesser Invulnerability | 3 | |
35 total
team 2 (loser)
anitram (
green | 19 APM | 11004 actions | 593:19)
5 Paladin
2 Holy Light
3 Devotion Aura
4 Dark Ranger
2 Black Arrow
1 Silence
1 Life Drain
» actions
| Assign group hotkey | 35 | |
| Basic commands | 565 | |
| Build / train | 81 | |
| ESC pressed | 3 | |
| Enter build submenu | 46 | |
| Enter hero's abilities submenu | 10 | |
| Give item / drop item | 9 | |
| Right click | 5228 | |
| Select / deselect | 1805 | |
| Select group hotkey | 2204 | |
| Use ability | 1013 | |
11004 total
» units
| Peasant | 7 | |
| Rifleman | 11 | |
| Mortar Team | 13 | |
| Siege Engine | 4 | |
35 total
» upgrades
| Gunpowder | 3 | |
| Long Rifles | 1 | |
| Armor | 3 | |
| Fragmentation Shards | 1 | |
| Flare | 1 | |
| Lumber Harvesting | 1 | |
| Masonry | 1 | |
| Barrage | 1 | |
12 total
» buildings
| Farm | 14 | |
| Altar of Kings | 1 | |
| Barracks | 1 | |
| Blacksmith | 1 | |
| Scout Tower | 9 | |
| Arcane Tower | 2 | |
| Keep | 1 | |
| Workshop | 2 | |
| Castle | 2 | |
| Lumber Mill | 1 | |
| Guard Tower | 8 | |
42 total
» build order
00:19 Farm
00:32 Altar of Kings
00:44 Barracks
01:07 Blacksmith
01:15 Farm
02:03 Farm
02:19 Scout Tower
02:34 Farm
02:43 Farm
02:54 Arcane Tower
03:33 Farm
04:14 Scout Tower
04:31 Keep
04:51 Arcane Tower
05:36 Farm
06:22 Farm
07:15 Workshop
08:14 Workshop
08:23 Farm
11:39 Castle
11:40 Castle
12:57 Farm
14:14 Farm
14:57 Farm
16:54 Scout Tower
16:56 Scout Tower
17:30 Lumber Mill
17:38 Scout Tower
18:09 Scout Tower
18:50 Guard Tower
18:56 Scout Tower
18:56 Scout Tower
19:43 Scout Tower
20:08 Guard Tower
20:51 Guard Tower
20:53 Guard Tower
20:56 Guard Tower
29:10 Guard Tower
29:16 Guard Tower
29:23 Guard Tower
44:40 Farm
52:01 Farm
» items
| Scroll of Healing | 2 | |
| Scroll of Town Portal | 1 | |
| Ivory Tower | 5 | |
| Orb of Lightning | 1 | |
9 total
exehaustion (
purple | 35 APM | 6210 actions | 176:29)
5 Tauren Chieftain
2 War Stomp
3 Endurance Aura
4 Shadow Hunter
2 Hex
2 Healing Wave
1 Paladin
1 Holy Light
» actions
| Assign group hotkey | 66 | |
| Basic commands | 218 | |
| Build / train | 131 | |
| ESC pressed | 7 | |
| Enter build submenu | 29 | |
| Enter hero's abilities submenu | 14 | |
| Give item / drop item | 15 | |
| Right click | 2728 | |
| Select / deselect | 1829 | |
| Select group hotkey | 811 | |
| Use ability | 359 | |
6210 total
» units
| Peon | 20 | |
| Grunt | 9 | |
| Troll Batrider | 41 | |
| Demolisher | 6 | |
| Raider | 9 | |
| Kodo Beast | 2 | |
| Troll Witch Doctor | 3 | |
| Harpy Windwitch | 1 | |
91 total
» upgrades
| Berserker Strength | 1 | |
| Pillage | 1 | |
| Armor | 3 | |
| Ensnare | 1 | |
| Burning Oil | 1 | |
| Liquid Fire | 1 | |
| War Drums Damage Increase | 1 | |
| Melee Weapons | 2 | |
| Ranged Weapons | 1 | |
| Witch Doctor Training | 2 | |
| Reinforced Defenses | 1 | |
| Spiked Barricades | 1 | |
16 total
» buildings
| Altar of Storms | 1 | |
| Orc Burrow | 7 | |
| Barracks | 1 | |
| Voodoo Lounge | 1 | |
| Stronghold | 1 | |
| War Mill | 1 | |
| Beastiary | 2 | |
| Watch Tower | 11 | |
| Fortress | 1 | |
| Great Hall | 1 | |
| Spirit Lodge | 1 | |
28 total
» build order
00:07 Altar of Storms
00:15 Orc Burrow
00:33 Barracks
01:24 Orc Burrow
02:04 Voodoo Lounge
02:41 Orc Burrow
04:06 Stronghold
05:32 Orc Burrow
05:35 War Mill
06:34 Beastiary
06:35 Beastiary
07:04 Watch Tower
10:02 Orc Burrow
10:05 Watch Tower
11:58 Fortress
16:25 Great Hall
16:38 Watch Tower
16:56 Orc Burrow
17:39 Watch Tower
19:56 Watch Tower
27:26 Spirit Lodge
47:34 Orc Burrow
48:52 Watch Tower
48:59 Watch Tower
49:55 Watch Tower
50:08 Watch Tower
50:27 Watch Tower
50:36 Watch Tower
» items
| Dust of Appearance | 3 | |
| Scroll of Healing | 1 | |
| Scroll of Protection | 1 | |
| Staff of Teleportation | 1 | |
| Orb of Lightning | 1 | |
7 total
STiLosingStreak (
yellow | 4 APM | 2523 actions | 593:19)
4 Mountain King
2 Storm Bolt
2 Bash
» actions
| Assign group hotkey | 15 | |
| Basic commands | 5 | |
| Build / train | 75 | |
| ESC pressed | 6 | |
| Enter build submenu | 61 | |
| Enter hero's abilities submenu | 4 | |
| Right click | 1171 | |
| Select / deselect | 466 | |
| Select group hotkey | 593 | |
| Use ability | 126 | |
2523 total
» units
| Peasant | 23 | |
| Rifleman | 8 | |
| Priest | 9 | |
| Siege Engine | 7 | |
47 total
» upgrades
| Gunpowder | 3 | |
| Armor | 3 | |
| Priest Training | 2 | |
| Long Rifles | 1 | |
| Magic Sentry | 1 | |
| Barrage | 1 | |
11 total
» buildings
| Blacksmith | 1 | |
| Barracks | 2 | |
| Farm | 16 | |
| Altar of Kings | 1 | |
| Scout Tower | 24 | |
| Arcane Tower | 2 | |
| Keep | 2 | |
| Arcane Vault | 1 | |
| Lumber Mill | 4 | |
| Arcane Sanctum | 3 | |
| Castle | 1 | |
| Guard Tower | 6 | |
| Town Hall | 1 | |
| Workshop | 3 | |
67 total
» build order
00:05 Blacksmith
00:08 Barracks
00:34 Farm
00:37 Farm
01:29 Altar of Kings
01:42 Farm
01:46 Farm
01:47 Farm
02:22 Barracks
02:37 Farm
03:19 Farm
04:22 Farm
05:08 Farm
05:35 Scout Tower
05:51 Farm
06:06 Arcane Tower
06:17 Scout Tower
06:48 Arcane Tower
09:04 Keep
09:21 Arcane Vault
09:29 Lumber Mill
09:43 Lumber Mill
09:52 Lumber Mill
11:08 Farm
11:31 Arcane Sanctum
11:36 Arcane Sanctum
11:53 Arcane Sanctum
12:00 Farm
14:17 Castle
14:56 Farm
15:49 Farm
17:19 Scout Tower
17:21 Scout Tower
17:24 Scout Tower
17:27 Scout Tower
18:20 Guard Tower
19:18 Guard Tower
20:59 Farm
21:54 Scout Tower
22:40 Scout Tower
24:34 Town Hall
29:28 Scout Tower
29:34 Scout Tower
30:06 Scout Tower
30:09 Scout Tower
30:40 Keep
31:22 Guard Tower
32:54 Scout Tower
32:56 Scout Tower
32:59 Scout Tower
33:01 Scout Tower
34:05 Guard Tower
36:06 Scout Tower
36:07 Scout Tower
36:08 Scout Tower
36:10 Scout Tower
37:10 Guard Tower
37:21 Scout Tower
37:22 Scout Tower
37:27 Scout Tower
37:31 Scout Tower
38:12 Guard Tower
38:51 Workshop
38:57 Workshop
39:38 Workshop
40:25 Lumber Mill
43:09 Farm
» items
Chat log
(34:11 / All) anitram: nice try
(34:14 / All) anitram: but that move sucks
(34:24 / All) GOKUMaN69: what?
(34:30 / All) Mr.Wookums: you guys knew how to counter it
(34:31 / All) Mr.Wookums: good job
(34:36 / All) Mr.Wookums: lets play find the farm though
(38:59 / All) GOKUMaN69: you guys like our base up here?
(39:09 / All) anitram: we got the time to spend
(39:21 / All) Mr.Wookums: that's good, have you killed your army yet?
(43:19 / All) Mr.Wookums: tanks?
(43:37 / All) GOKUMaN69: just walk those tanks up here
(45:25 / All) Mr.Wookums: forgot to ask, do you guys like our new strat?
(46:20 / All) Mr.Wookums: more tanks?!
(46:34 / All) Mr.Wookums: jee golly, you sure don't know how to build air
(46:47 / All) anitram: no money
(47:08 / All) Mr.Wookums: well that's money well spent
(47:25 / All) anitram: guess it's your move
(51:42 / All) Mr.Wookums: welp, you didn't kill anything
(51:46 / All) NADMaN: yeah
(51:47 / All) NADMaN: zero
(52:15 / All) GOKUMaN69: beep tank honk honk beep beep
(54:21 / Allies) NADMaN: w0w
(55:55 / All) NADMaN: Maphack much
(56:01 / All) Mr.Wookums: protip, when maphacking don't be so obvious
(61:08 / All) NADMaN: are
(61:09 / All) NADMaN: you
(61:10 / All) NADMaN: serious
(61:19 / All) Mr.Wookums: are you russian?
(64:27 / All) Mr.Wookums: guys, you don't have to bother flaring, we know you MH
(78:06 / All) Mr.Wookums: you do realize you can't win unless we disconnect
(78:16 / All) anitram: nor can you win
(78:17 / All) exehaustion: why dont you fight us?
(78:25 / All) Mr.Wookums: because your russian?
(78:26 / All) exehaustion: if you own our army we will quit
(78:27 / All) Mr.Wookums: commie faggot
(78:47 / All) Mr.Wookums: if you come own our army we'll quit
(78:49 / All) Mr.Wookums: k
(78:58 / All) STiLosingStreak: we're russians? seems like you fags are.. your english is horrible
(78:58 / All) exehaustion: we can't get up there.....
(79:00 / All) Mr.Wookums: you almost morted a pesent earlier
(79:07 / All) Mr.Wookums: that's a start!
(79:07 / All) GOKUMaN69: what
(79:10 / All) GOKUMaN69: rassain?
(79:15 / All) GOKUMaN69: noob?
(79:16 / All) Mr.Wookums: russian maphackers
(79:28 / All) Mr.Wookums: all over europe, we became americans to excape them
(79:39 / All) STiLosingStreak: excape?
(79:45 / All) Mr.Wookums: yep,
(79:50 / All) GOKUMaN69: EXCAPE
(79:51 / All) STiLosingStreak: fucking stop talking, you're making yourself look even worse
(79:54 / All) Mr.Wookums: see, wrong puntation 2
(79:57 / All) GOKUMaN69: 1v1?
(80:09 / All) GOKUMaN69: quit and we 1v1 you mher
(80:17 / All) anitram: so that you can tower rush again
(80:21 / All) anitram: and be a noob
(80:22 / All) Mr.Wookums: lol u r 2 such a qt
(80:33 / All) STiLosingStreak: wtf?
(80:34 / All) Mr.Wookums: a/s/l?
(80:38 / All) GOKUMaN69: we did not do that
(80:43 / All) anitram: i got all night to play
(80:43 / All) GOKUMaN69: noob
(80:46 / All) GOKUMaN69: baby
(80:48 / All) STiLosingStreak: the shit u say doesn't even make sense
(80:50 / All) GOKUMaN69: you a srucm
(80:57 / All) Mr.Wookums: l2 reed
(81:05 / All) anitram: l2 skills
(81:05 / All) GOKUMaN69: L2P
(81:15 / All) GOKUMaN69: 1v1?
(81:21 / All) anitram: anytime
(81:25 / All) STiLosingStreak: oh well.. we have all night, but guess u guys gotta go soon so u can wake up in time for high school?
(81:26 / All) GOKUMaN69: I will make zero towers
(81:38 / All) anitram: what's the chances of that
(81:50 / All) GOKUMaN69: You have zero life?
(81:56 / All) STiLosingStreak: ?
(81:58 / All) STiLosingStreak: lol
(82:13 / All) STiLosingStreak: make some sense before your open your peice of shit mouth
(82:55 / All) Mr.Wookums: <(».«<) <(².³)> (>».«)>
(83:13 / All) Mr.Wookums: the middle one wants to hug you
(83:26 / All) Mr.Wookums: the other two say stop looking at pedo shit
(86:21 / All) GOKUMaN69: niggers all you niggers
(86:28 / All) GOKUMaN69: suck my dick black whores
(96:02 / All) GOKUMaN69: you guys goin afk?
(96:13 / All) STiLosingStreak: yeah we playing poker
(96:17 / All) GOKUMaN69: cool
(96:22 / All) GOKUMaN69: just quit faggots
(96:27 / All) STiLosingStreak: nah.. that's cool
(96:31 / All) GOKUMaN69: nah
(96:33 / All) GOKUMaN69: english
(96:34 / All) STiLosingStreak: we can just keep the game running in the background
(96:36 / All) GOKUMaN69: fucker
(103:09 / All) GOKUMaN69: you guys here
(103:16 / All) GOKUMaN69: who winning in poker?
(107:49 / All) anitram: lol
(108:01 / All) GOKUMaN69: Lol
(108:06 / All) GOKUMaN69: who winnin porker?
(108:38 / Allies) NADMaN: crypt zig graveyard altar zig
(108:41 / Allies) NADMaN: 4 acos
(108:43 / Allies) NADMaN: till the alter
(108:49 / Allies) NADMaN: after altar build 5th
(130:26 / All) NADMaN: are
(130:27 / All) NADMaN: you
(130:31 / All) NADMaN: serious
(130:39 / All) anitram: haha
(132:53 / All) GOKUMaN69: nice BAT
(133:05 / All) anitram: our army to take out your base is done
(133:23 / All) anitram: now it's up to you to attack
(133:55 / All) NADMaN: nice tp
(134:43 / All) exehaustion: we are at base ok? lol you dont need to check
(134:53 / All) Mr.Wookums: LOL MH LOL
(139:47 / All) STiLosingStreak: ouch, that gotta hurt..
(139:52 / All) GOKUMaN69: Hey
(139:54 / All) Mr.Wookums: naw, going to bed
(139:54 / All) exehaustion: wow i can't believe we won lol
(139:57 / All) GOKUMaN69: win the game
(139:59 / All) Mr.Wookums: lol, won
(140:02 / All) NADMaN: :)
(140:04 / All) GOKUMaN69: beat us bro
(140:05 / All) Mr.Wookums: we'll see who's internet is better
(140:06 / All) GOKUMaN69: :D
(140:10 / Allies) NADMaN: whose
(140:27 / All) STiLosingStreak: we'll c who wants to play a new ladder game more
(140:28 / All) GOKUMaN69: WHO IS BETTER INTERNET?
(140:42 / All) GOKUMaN69: U i THINK
(140:47 / All) Mr.Wookums: not i, i am going to bed for 8 hours, then class and work for the 6 more after that
(140:58 / All) Mr.Wookums: so if you want to play a ladder game in the next 14 hours
(141:04 / All) STiLosingStreak: good for you
(141:06 / All) anitram: well i leave my comp on 24-7
(141:08 / All) STiLosingStreak: nah, i have work as well
(141:13 / All) anitram: so if you want go ahead
(141:14 / All) STiLosingStreak: same here
(141:27 / All) anitram: plus i got a laptop with wc3
(141:34 / All) anitram: so i can play on my other account if i want
(141:50 / All) Mr.Wookums: go log on it now and whisper me, i don't believe you
(141:54 / All) GOKUMaN69: THEN THIS GAME WILL NEVER END
(141:56 / All) anitram: ok
(142:00 / All) Mr.Wookums: NEVER NEVER
(142:19 / All) anitram: what sentence do you want me to whisper you
(142:22 / All) Mr.Wookums: maybe it'll beat our record for 38 hours
(142:23 / All) anitram: so you don't think i'm lying
(142:29 / All) NADMaN: how bout
(142:30 / All) GOKUMaN69: nIGGER
(142:31 / All) NADMaN: "im gay"
(142:42 / All) GOKUMaN69: IM GAY
(142:42 / All) Mr.Wookums: Mr.Wookums, why are you so fly... I wish I wasn't a buttfucker
(142:44 / All) GOKUMaN69: say it
(143:01 / All) Mr.Wookums: or the dance i did earlier
(143:19 / All) Mr.Wookums: (>».«)>
(143:29 / All) anitram: there you go hahah
(143:32 / All) anitram: losers
(143:52 / All) Mr.Wookums: alright, night fellas
(154:25 / All) GOKUMaN69: why are you killing those burrows?
(169:43 / All) GOKUMaN69: you guys here?
(193:47 / All) GOKUMaN69: We'll BE watchin noobs
(198:37 / All) GOKUMaN69: why are you retards still here?
(246:22 / All) GOKUMaN69: still here bro?
(246:35 / All) anitram: i'm playing another game
(246:38 / All) anitram: so leave me alone
(246:44 / All) GOKUMaN69: quit please
(246:49 / All) anitram: nah
(246:56 / All) GOKUMaN69: yah
(246:58 / All) anitram: no need i'm having fun playing another game
(247:06 / All) GOKUMaN69: what game?
(247:17 / All) anitram: ladder of course
(247:27 / All) anitram: i already msged you before
(258:33 / All) GOKUMaN69: you here bro?
(258:47 / All) GOKUMaN69: am I fuckin up your other game?
(259:20 / All) GOKUMaN69: talk 2 me bro
(263:23 / All) GOKUMaN69: U STILL HEAR?
(263:59 / All) GOKUMaN69: why do you map hack bro?
(285:11 / All) GOKUMaN69: still here?
(285:15 / All) GOKUMaN69: why you here bro?
(285:28 / All) GOKUMaN69: got no life or something?
(285:29 / All) anitram: not your bro first of all
(285:35 / All) GOKUMaN69: bro
(285:40 / All) GOKUMaN69: dont play me like that
(285:43 / All) GOKUMaN69: why not?
(285:44 / All) anitram: you got not life second of all
(286:00 / All) GOKUMaN69: not life?
(286:05 / All) GOKUMaN69: english bro
(286:07 / All) GOKUMaN69: why not?
(286:22 / All) GOKUMaN69: just quit be a man
(286:35 / All) anitram: be a man, do the right thing
(286:41 / All) GOKUMaN69: yeah bro
(286:44 / All) anitram: press alt q + q
(286:45 / All) GOKUMaN69: give it up
(286:51 / All) GOKUMaN69: what does that do?
(286:57 / All) anitram: i got all day, i can wait
(287:10 / All) GOKUMaN69: what does ALT QQ do?
(287:26 / All) GOKUMaN69: where you live?
(287:27 / All) anitram: alt qq makes you qq
(287:35 / All) GOKUMaN69: FROM?
(310:36 / All) GOKUMaN69: why you here noob
(310:43 / All) GOKUMaN69: leave
(311:01 / All) GOKUMaN69: you makin me reallly angry ARGH
(338:20 / All) GOKUMaN69: hey you here
(528:21 / Allies) NADMaN: yo?
(531:40 / Allies) NADMaN: its 8:05 am
(531:45 / Allies) NADMaN: the time to strike~~
(534:04 / Allies) NADMaN: time to eat toast
(534:07 / Allies) NADMaN: imo
(553:35 / Allies) NADMaN: ok
(553:36 / Allies) NADMaN: so
(553:38 / Allies) NADMaN: get this:
(553:42 / All) NADMaN: Get this:
(554:15 / All) NADMaN: Maple Nut Bread (Hazelnuts, Almonds, and Walnuts) sandwiching three sunny-side-up eggs
(554:19 / All) NADMaN: With a dash of pepper
(554:30 / All) NADMaN: And smoked tabasco sauce (Stolen from chipotle)
(554:36 / All) NADMaN: dayum
(554:37 / All) NADMaN: so good
(559:12 / All) NADMaN: AWESOME
(559:13 / All) NADMaN: drain
(559:14 / All) NADMaN: that
(559:16 / All) NADMaN: resource
(560:22 / All) NADMaN: dang
(560:23 / All) NADMaN: bro
(560:27 / All) NADMaN: you lost all ur resourcesssssssss
(561:55 / All) NADMaN: phone rang
(561:56 / All) NADMaN: sorry
(565:55 / All) NADMaN: fuk
(573:22 / All) NADMaN: lol
(573:35 / All) NADMaN: i wanted that xp :(
(574:54 / Allies) NADMaN: lol
(575:03 / Allies) NADMaN: sup
(575:07 / Allies) Mr.Wookums: ntm
(575:10 / Allies) NADMaN: rebuild
(575:12 / Allies) NADMaN: yo heroes
(575:30 / Allies) NADMaN: need bliozz
(575:33 / Allies) NADMaN: blizz
(575:36 / Allies) NADMaN: if we had blizz..
(575:38 / Allies) Mr.Wookums: wood?
(575:44 / Allies) NADMaN: none xD
(576:26 / Allies) NADMaN: too bad
(576:28 / Allies) NADMaN: you killed
(576:29 / Allies) NADMaN: your mill
(576:46 / Allies) Mr.Wookums: why is that
(576:51 / Allies) NADMaN: idk
(576:56 / Allies) NADMaN: maybe we could harvest lum
(577:02 / Allies) Mr.Wookums: naw, perch is dry
(577:53 / Allies) NADMaN: chims
(578:33 / Allies) Mr.Wookums: ahh, fucking priests
(578:44 / Allies) NADMaN: the buildings
(578:46 / Allies) NADMaN: are all we need
(579:06 / Allies) NADMaN: also
(579:08 / Allies) NADMaN: bm hit 6
(579:43 / Allies) NADMaN: ;(
(579:45 / Allies) NADMaN: woooood
(579:49 / Allies) Mr.Wookums: you can run the blademaster in
(579:54 / Allies) Mr.Wookums: hit a building, then ww out as well
(579:55 / Allies) NADMaN: i want
(579:57 / Allies) NADMaN: invlun
(580:13 / Allies) NADMaN: mb i wont have to use
(580:16 / Allies) NADMaN: but better safe...
(580:47 / Allies) NADMaN: that look good?
(580:52 / Allies) Mr.Wookums: yeah
(581:01 / Allies) NADMaN: gonna level tink
(581:22 / Allies) NADMaN: solid
(582:18 / Allies) NADMaN: at this point
(582:21 / Allies) NADMaN: i want to level alch
(583:10 / Allies) NADMaN: ill be able to snipe the rax
(583:12 / Allies) NADMaN: with the wyvs
(583:12 / Allies) Mr.Wookums: gonna shower
(583:14 / Allies) NADMaN: also
(583:19 / Allies) NADMaN: if we had just 1 seige unit..
(583:27 / Allies) Mr.Wookums: couldn't get it down
(583:32 / Allies) NADMaN: fff
(583:38 / Allies) Mr.Wookums: brb
(583:38 / Allies) NADMaN: well actually
(583:40 / Allies) NADMaN: no
(583:43 / Allies) NADMaN: heres the scenario
(583:49 / Allies) NADMaN: you build 1
(583:55 / Allies) NADMaN: then you kill all the buildings
(583:57 / Allies) NADMaN: and staff it
(584:01 / Allies) NADMaN: so it'll hit the tower
(584:03 / Allies) NADMaN: down there
(584:05 / Allies) NADMaN: then blammo
(584:06 / Allies) Mr.Wookums: yeah
(586:09 / Allies) NADMaN: nio
(586:11 / Allies) Mr.Wookums: kill it
(586:21 / Allies) NADMaN: alch xp
(586:25 / Allies) Mr.Wookums: there was more agro to lure
(586:40 / Allies) Mr.Wookums: gah, caught
(587:27 / Allies) NADMaN: hmmm
(587:28 / Allies) NADMaN: maybe
(587:31 / Allies) Mr.Wookums: that's risky
(587:32 / Allies) NADMaN: worth a shot
(587:35 / Allies) NADMaN: i can always pot
(587:36 / Allies) Mr.Wookums: you might not be able to get out
(587:38 / Allies) NADMaN: ww
(587:44 / Allies) Mr.Wookums: kk
(588:02 / Allies) NADMaN: def
(588:03 / Allies) NADMaN: nice
(588:17 / Allies) NADMaN: w8
(588:21 / Allies) NADMaN: up here
(588:35 / Allies) NADMaN: that shot
(588:48 / Allies) NADMaN: you have to waiy
(588:49 / Allies) NADMaN: wait
(588:51 / Allies) NADMaN: through teh casting
(588:53 / Allies) NADMaN: its just some morts
(589:01 / Allies) NADMaN: youll be ok
(589:06 / Allies) NADMaN: ya...
(589:08 / Allies) Mr.Wookums: k
(589:21 / Allies) NADMaN: go heal
(589:22 / Allies) NADMaN: :)
(589:44 / Allies) NADMaN: ww
(589:45 / Allies) NADMaN: is
(589:46 / Allies) NADMaN: amzing
(589:49 / Allies) NADMaN: err
(589:50 / Allies) NADMaN: bladestorm
(589:59 / Allies) Mr.Wookums: the BM is the reason i don't play 1v1's
(590:05 / Allies) Mr.Wookums: i hate having to tower rush on any small map
(590:06 / Allies) NADMaN: hehe
(590:12 / Allies) Mr.Wookums: for any chance to win against a compitent oponet
(590:28 / Allies) NADMaN: bm is the carry hero
(590:32 / Allies) NADMaN: if we wanna talk dota speak
(590:47 / Allies) Mr.Wookums: too good at harassing on small maps
(591:03 / Allies) NADMaN: lemme
(591:06 / Allies) Mr.Wookums: k
(591:45 / Allies) NADMaN: owned
(593:09 / Allies) NADMaN: g
(593:10 / Allies) NADMaN: g
(593:18 / All) Mr.Wookums: gg fellas